Map: Ruby Rock LE

Players

CanadianNeeb

  • Race: Protoss Protoss
  • League: Grandmaster
  • Spawn Location: 11:00

A.I. 1 (Very Easy) - Winner!

  • Race: Terran Terran
  • Spawn Location: 5:00

VOD

Have the link to the VOD?

Description

Time

  • Played on: June 14, 2026, 6:37 p.m.
  • Length: 7:49
Show
View Real Time Build Order
Export as new Build Order

CanadianNeeb Protoss 

Build Orders: 1 Gate Expand, Blink Stalkers, Zealot Archon 

Get SALT Encoding   

  12  0:00  Probe  
  13  0:12  Probe  
  14  0:17  Pylon  
  14  0:20  Probe  
  15  0:31  Probe  
  16  0:36  Gateway  
  16  0:43  Probe  
  16  0:45  Assimilator  
  17  0:55  Probe  
  18  1:08  Probe  
  19  1:25  Cybernetics Core  
  21  1:31  Nexus, Probe  
  20  1:39  Pylon  
  20  1:43  Probe  
  20  1:45  Assimilator  
  21  1:51  Adept  
  21  1:55  Probe  
  24  2:01  Warp Gate  
  24  2:07  Probe  
  25  2:11  Adept  
  25  2:19  Probe  
  28  2:31  Twilight Council, Probe  
  29  2:38  Blink, Stalker  
  29  2:40  Probe  
  29  2:43  Probe  
  33  2:48  Probe  
  33  2:56  Probe  
  33  2:58  Probe  
  36  3:08  Probe  
  36  3:10  Probe  
  38  3:20  Gateway, Probe  
  38  3:22  Probe  
  38  3:26  Robotics Facility  
  40  3:32  Probe  
  41  3:34  Gateway, Probe  
  41  3:38  Pylon  
  42  3:44  Probe  
  42  3:46  Probe  
  44  3:49  Stalker  
  44  3:51  Pylon  
  46  3:56  Assimilator, Probe  
  46  3:58  Probe  
  48  4:09  Probe  
  49  4:11  Nexus, Probe  
  49  4:14  Observer  
  51  4:18  Stalker  
  51  4:21  Probe  
  51  4:23  Probe  
  55  4:25  Forge  
  55  4:29  Stalker  
  57  4:32  Observer  
  57  4:33  Probe  
  57  4:36  Stalker  
  57  4:37  Probe  
  62  4:42  Pylon  
  62  4:46  Assimilator  
  62  4:49  Protoss Ground Weapons Level 1  
  62  4:55  Pylon, Charge  
  64  5:00  Probe x2  
  64  5:02  Stalker x2  
  68  5:12  Probe x2  
  70  5:15  Pylon  
  70  5:21  Probe  
  70  5:24  Probe x2, Gateway  
  70  5:25  Gateway  
  71  5:29  Probe  
  71  5:31  Gateway  
  72  5:37  Templar Archives  
  72  5:38  Probe x2  
  72  5:39  Probe  
  72  5:42  Sentry  
  77  5:50  Probe x3  
  77  5:52  Gateway  
  77  5:56  Gateway  
  80  5:58  Probe  
  80  6:02  Probe  
  82  6:04  Probe  
  82  6:06  Pylon  
  82  6:08  Probe  
  84  6:17  Psionic Storm  
  85  6:20  Pylon, High Templar  
  85  6:21  High Templar x2  
  85  6:23  Pylon  
  85  6:24  Zealot x2  
  94  6:27  Warp Prism  
  94  6:30  Pylon  
  94  6:32  Zealot  
  96  6:34  Assimilator  
  96  6:37  Pylon  
  98  6:47  Shield Battery, Zealot x3  
  98  6:49  Pylon  
  104  6:55  High Templar  
  104  7:00  Zealot  
  104  7:01  Zealot x3, Pylon  
  114  7:13  Zealot  
  114  7:14  High Templar x2  
  120  7:19  Archon, Pylon  
  120  7:20  Pylon  
  120  7:21  Photon Cannon  
  120  7:24  Shield Battery  
  120  7:31  Zealot  
  120  7:32  Zealot  
  124  7:38  Nexus  
  124  7:39  Zealot x3  
  124  7:40  Pylon  
  130  7:44  Zealot  
  130  7:48  Zealot x2  
Show
View Real Time Build Order
Export as new Build Order

A.I. 1 (Very Easy) Terran - Winner!

Build Orders: Reaper Expand 

Get SALT Encoding   

  12  0:00  SCV  
  13  0:13  SCV  
  14  0:18  Supply Depot  
  14  0:42  Barracks  
  14  1:02  Command Center  
  14  1:30  Orbital Command, Supply Depot  
  14  1:31  Marine  
  15  1:35  Refinery  
  15  1:47  Refinery  
  15  1:55  SCV  
  16  2:07  SCV  
  17  2:14  SCV  
  17  2:15  Reaper  
  19  2:21  SCV  
  20  2:28  SCV  
  21  2:35  SCV  
  22  2:42  SCV  
  23  2:50  SCV  
  24  2:54  Refinery  
  24  2:57  SCV  
  25  3:04  SCV, Marine  
  27  3:11  SCV  
  28  3:18  Factory, SCV  
  29  3:40  Refinery  
  28  3:43  SCV  
  29  3:50  SCV  
  29  3:53  Marine  
  29  3:55  Supply Depot  
  31  3:57  SCV  
  32  4:04  SCV  
  32  4:05  Starport  
  33  4:11  SCV  
  33  4:12  Barracks Tech Lab  
  34  4:18  SCV  
  35  4:25  SCV  
  36  4:33  SCV  
  36  4:36  Supply Depot  
  37  4:40  SCV  
  37  4:43  Starport Tech Lab, Marauder  
  40  4:47  SCV  
  41  4:54  SCV  
  42  5:01  SCV  
  42  5:03  Raven  
  45  5:09  SCV  
  45  5:16  SCV  
  46  5:23  SCV  
  43  5:30  SCV  
  43  5:32  Marine  
  43  5:37  Raven  
  45  6:01  Hellion  
  45  6:02  Supply Depot  
  45  6:12  Raven  
  47  6:30  Hellion  
  49  6:58  Viking  
Tags
 
Add a new tag
Caveats
  • Supply blocks, unpowered buildings, or Contaminate may cause inaccurate times.
  • Supply counts are checked every 10 seconds.